 Dungeon Crawl Stone Soup version 0.27.0-1-g7a089689b8 (webtiles) character file.

Game seed: 14321815672444875133

42 Naeght the Poker (level 3, 0/28 HPs)
             Began as a Merfolk Gladiator on Aug 17, 2021.
             Slain by an adder (3 damage)
             ... on level 2 of the Dungeon.
             The game lasted 00:02:20 (1389 turns).

Naeght the Poker (Merfolk Gladiator)                Turns: 1389, Time: 00:02:21

Health: 0/28       AC:  4    Str: 14    XL:     3   Next: 56%
Magic:  3/3        EV: 10    Int:  8    God:
Gold:   68         SH:  7    Dex: 15    Spells: 1/2 levels left

rFire    . . .     SeeInvis .   a - +0 trident
rCold    . . .     Faith    .   m - +0 kite shield
rNeg     . . .     Spirit   .   b - +0 leather armour
rPois    .         Reflect  .   c - +0 helmet
rElec    .         Harm     .   (no cloak)
rCorr    .         Rampage  .   (no gloves)
Will     .....                  (no boots)
Stlth    +.........             (no amulet)
HPRegen  0.09/turn              (no ring)
MPRegen  0.08/turn              (no ring)

@: lethally poisoned (0 -> -8)
A: (nimble swimmer 2), mertail
a: no special abilities


You were on level 2 of the Dungeon.
You visited 1 branch of the dungeon, and saw 2 of its levels.

You collected 68 gold pieces.

Inventory:

Hand Weapons
 a - a +0 trident (weapon)
Missiles
 d - 3 throwing nets
Armour
 b - a +0 leather armour (worn)
 c - a +0 helmet (worn)
 m - a +0 kite shield (worn)
Scrolls
 e - a scroll of fog {unknown}
 h - a scroll of amnesia {unknown}
 i - a scroll of enchant weapon {unknown}
 l - a scroll of teleportation {unknown}
Potions
 f - a potion of magic {unknown}
 g - a potion of attraction {unknown}
 j - a potion of lignification {unknown}
 k - a potion of berserk rage {unknown}


   Skills:
 * Level 2.8 Fighting
 * Level 5.4 Polearms
 - Level 2.0 Throwing
 * Level 4.5 Dodging
 * Level 0.0 Shields
 + Level 0.3 Spellcasting
 + Level 0.2 Transmutations
 + Level 0.0 Poison Magic


You had one spell level left.
You knew the following spells:

 Your Spells              Type           Power      Damage    Failure   Level
a - Sting                 Tmut/Pois      0%         1d3       98%         1

Your spell library contained the following spells:

 Spells                   Type           Power      Damage    Failure   Level
 Poisonous Vapours        Pois/Air       0%         N/A       99%         2
 Olgreb's Toxic Radiance  Pois           0%         N/A       100%        4


Dungeon Overview and Level Annotations

Branches:
Dungeon (2/15)

Altars:


Innate Abilities, Weirdness & Mutations

((You are quick and stealthy near water. (Stealth+, EV+, Speed+++)))
Your lower body shifts to a powerful aquatic tail in water.


Message History

You closely miss the adder.
You feel sick. The adder bites you but does no damage.
The adder closely misses you.
You are too injured to fight recklessly!
You are too injured to fight recklessly!
You are too injured to fight recklessly!
You are too injured to fight recklessly!
You are too injured to fight recklessly!
You are too injured to fight recklessly!
You are too injured to fight recklessly!
You are too injured to fight recklessly!
You are too injured to fight recklessly!
You are too injured to fight recklessly!
You are too injured to fight recklessly!
You are too injured to fight recklessly!
You are too injured to fight recklessly!
You are too injured to fight recklessly!
You are too injured to fight recklessly!
You are too injured to fight recklessly!
You are too injured to fight recklessly!
You are too injured to fight recklessly!
You are too injured to fight recklessly!
You are too injured to fight recklessly!
You are too injured to fight recklessly!
You are too injured to fight recklessly!
You are too injured to fight recklessly!
You are too injured to fight recklessly!
You are too injured to fight recklessly!
Unknown command.
You feel sick.
You feel sick.
You closely miss the adder.
You feel sick. The adder barely misses you. The adder bites you.
* * * LOW HITPOINT WARNING * * *
You are lethally poisoned!
The adder poisons you!
You closely miss the adder.
* * * LOW HITPOINT WARNING * * *
You feel very sick. The adder bites you.
You die...

..........#.######[##..#######...
#.....#.###.# #.......#### ##.#
#.....##...#####............ #.#
###.#######............#####.##.#
# #.# #.####................# #
#.# #.# #................. # #.#
#.# ###...>######.#### # #.#
.#.#####.##.# #.#### # #
#)bS@.....# #..>.. ###
#...#####.##.# ###### ..#
#.#.####...#.# # #.# ..
#...#......# # #.# # #........# #
#.# ...#.....## # #.# #.####..†##
### #.# . ##.## ##.##### #.# #.#
#.......


You could see an adder and a bat.

Vanquished Creatures
  4 ball pythons
  2 endoplasms (D:1)
  3 giant cockroaches (D:1)
  3 hobgoblins
  A quokka (D:1)
  8 bats
  3 goblins (D:1)
  6 kobolds
  9 rats (D:1)
39 creatures vanquished.

Notes
Turn   | Place    | Note
-------+----------+-------------------------------------------
     0 | D:1      | Naeght the Merfolk Gladiator began the quest for the Orb.
     0 | D:1      | Reached XP level 1. HP: 16/16 MP: 1/1
    68 | D:1      | Reached XP level 2. HP: 23/23 MP: 2/2
   162 | D:1      | Reached skill level 5 in Polearms
   371 | D:1      | Reached XP level 3. HP: 28/28 MP: 3/3
   382 | D:1      | Learned a level 1 spell: Sting
  1389 | D:2      | Slain by an adder

Illustrated notes

Levels and vault maps discovered:
D:1:      psy_arrival_whirlpool, layout_basic
D:2:      layout_loops_ring

Skill      XL: |  1  2 |
---------------+-------+-----
Polearms       | 5 |  5.4
Fighting       | |  2.8
Throwing       | |  2.0
Dodging        | |  4.5
Spellcasting   | |  0.3
Transmutations | |  0.2

Action                   || total
-------------------------++-------
Melee: Trident           ||    94
 Stab: Sleeping          ||     3
Armor: Leather armour    ||    20
Dodge: Dodged            ||    50
Block: Kite shield       ||     4
